 Dungeon Crawl Stone Soup version 0.20.0-10-g0535bb4 (webtiles) character file.

1916 shinino the Covert (level 9, -3/63 HPs)
             Began as an Octopode Monk on June 6, 2017.
             Slain by an elf skeleton (8 damage)
             ... on level 6 of the Dungeon.
             The game lasted 00:18:13 (9059 turns).

shinino the Covert (Octopode Monk)                  Turns: 9059, Time: 00:18:14

Health: -3/63      AC:  1    Str: 14    XL:     9   Next: 16%
Magic:  9/9        EV: 14    Int: 17    God:
Gold:   214        SH:  0    Dex: 14    Spells: 8/8 levels left

rFire    . . .     SeeInvis .     - Unarmed
rCold    . . .     Gourm    .   (no shield)
rNeg     . . .     Faith    .   (helmet restricted)
rPois    .         Spirit   .   (no amulet)
rElec    .         Reflect  .   c - +5 ring of intelligence
rCorr    .         Harm     .   m - ring of protection from magic
MR       +....                  (no ring)
Stlth    +++++.....             (no ring)
Regen    0.2/turn               (no ring)
MPRegen  0.2/turn               (no ring)
                                (no ring)
                                (no ring)

@: no status effects
A: almost no armour, stealthy swim, amphibious, 8 rings, constrict 8, camouflage
1, gelatinous body 1
a: no special abilities


You were on level 6 of the Dungeon.
You were hungry.

You visited 1 branch of the dungeon, and saw 6 of its levels.

You collected 304 gold pieces.
You spent 90 gold pieces at shops.

Inventory:

Jewellery
 c - a +5 ring of intelligence (left tentacle)
 m - a ring of protection from magic (right tentacle)
Wands
 r - a wand of acid (0/15)
Scrolls
 b - a scroll of enchant armour {unknown}
 e - 4 scrolls of remove curse
 f - a scroll of random uselessness {unknown}
 h - a scroll of identify
 j - 2 scrolls of teleportation
 k - 2 scrolls of magic mapping
 p - a scroll of recharging
 s - a scroll of immolation {unknown}
Potions
 t - a potion of agility
Comestibles
 a - 3 bread rations
 d - a fruit
 i - 3 meat rations


   Skills:
 + Level 6.9 Fighting
 - Level 3.0 Dodging
 + Level 8.7 Stealth
 + Level 8.5 Unarmed Combat


You had 8 spell levels left.
You didn't know any spells.

Dungeon Overview and Level Annotations

Branches:
Dungeon (6/15)
 Temple: D:4-7

Altars:
Kikubaaqudgha
Nemelex Xobeh
Sif Muna
The Shining One

Shops:
D:5 ?

Annotations:
D:6 experimilk's ghost, novice MfGl


Innate Abilities, Weirdness & Mutations

You cannot wear most types of armour.
You are very stealthy in the water. (Stealth+)
You are amphibious.
You can wear up to eight rings at the same time.
You can use your tentacles to constrict eight enemies at once.
Your skin changes colour to match your surroundings (Stealth+).
Your rubbery body absorbs attacks. (AC +1, EV +1)


Message History

You tentacle-slap the elf zombie. Your grab misses the elf zombie.
Your squeeze misses the elf zombie.
The elf zombie is lightly damaged.
The elf zombie hits you.
You bludgeon the elf zombie! You grab the elf zombie.
The elf zombie is moderately damaged.
You constrict the elf zombie. You bludgeon the elf zombie!
You squeeze the elf zombie!
The elf zombie is heavily damaged.
You constrict the elf zombie. The elf zombie hits you.
You bludgeon the elf zombie! You squeeze the elf zombie!
The elf zombie is almost destroyed.
You constrict the elf zombie. The elf zombie hits you!
* * * LOW HITPOINT WARNING * * *
You tentacle-slap the elf zombie.
You destroy the elf zombie!
The elf skeleton hits you.
* * * LOW HITPOINT WARNING * * *
The elf skeleton hits you!
You die...

#♣...####†.....<..#
♣...............>#
♣........###'#.###
♣.....#########.##
........#.'.#.+
#..#
####....###'#'#
##.# ......#.'...+
#.#
##########Z..####.#
#.'@..'.##.#
###'#'#.##.######
+.#.#.##......#
#####'##..###.#
#.##..# #.####
#.##..###.....
#.............
#####....#.#######
...................


You could see an elf skeleton.

Vanquished Creatures
  A black bear (D:3)
  An ice beast (D:5)
  2 ogres (D:5)
  4 big kobolds
  2 elf zombies (D:6)
  A bullfrog (D:6)
  Blork the orc (D:5)
  An elf skeleton (D:6)
  A scorpion (D:6)
  A howler monkey (D:4)
  3 crimson imps
  A centaur zombie (D:5)
  A hound (D:4)
  2 orc priests (D:3)
  5 orc wizards
  A gnoll shaman (D:5)
  Jessica (D:3)
  2 centaur skeletons
  A worker ant (D:6)
  Robin (D:2)
  11 gnolls
  8 adders
  A shadow imp (D:5)
  An ooze (D:4)
  5 worms
  3 dart slugs
  4 leopard geckos
  14 orcs
  4 bats
  2 giant cockroaches
  34 goblins
  34 hobgoblins
  6 jackals (D:2)
  8 kobolds
  4 quokkas
  A ball python skeleton (D:5)
  5 frilled lizards
  A jackal skeleton (D:4)
  10 rats
189 creatures vanquished.

Vanquished Creatures (others)
  A human (D:4)
1 creature vanquished.

Grand Total: 190 creatures vanquished

Notes
Turn   | Place    | Note
-------+----------+-------------------------------------------
     0 | D:1      | shinino the Octopode Monk began the quest for the Orb.
     0 | D:1      | Reached XP level 1. HP: 16/16 MP: 1/1
   105 | D:1      | Reached XP level 2. HP: 16/21 MP: 2/2
   832 | D:2      | Reached skill level 5 in Stealth
   832 | D:2      | Reached XP level 3. HP: 20/26 MP: 3/3
   890 | D:2      | Noticed Robin
  1265 | D:2      | Reached XP level 4. HP: 24/31 MP: 4/4
  1538 | D:2      | Killed Robin
  1929 | D:2      | Reached XP level 5. HP: 36/36 MP: 5/5
  2801 | D:3      | Noticed Jessica
  2817 | D:3      | Killed Jessica
  2817 | D:3      | Reached XP level 6. HP: 36/42 MP: 6/6
  3895 | D:3      | Noticed a black bear
  3904 | D:3      | Killed a black bear
  3904 | D:3      | Reached skill level 5 in Unarmed Combat
  3904 | D:3      | Reached XP level 7. HP: 31/48 MP: 7/7
  5230 | D:3      | Reached skill level 5 in Fighting
  5821 | D:4      | Found a glowing golden altar of the Shining One.
  5829 | D:4      | Reached XP level 8. HP: 55/55 MP: 8/8
  6376 | D:4      | Found an ancient bone altar of Kikubaaqudgha.
  6452 | D:5      | Entered Level 5 of the Dungeon
  6561 | D:5      | Noticed Blork the orc
  6625 | D:5      | Found a sparkling altar of Nemelex Xobeh.
  6633 | D:5      | Found Egod's Magic Scroll Emporium.
  6944 | D:5      | Bought a scroll of identify for 30 gold pieces
  6944 | D:5      | Bought a scroll of identify for 30 gold pieces
  6944 | D:5      | Bought a scroll of identify for 30 gold pieces
  8182 | D:5      | Killed Blork the orc
  8187 | D:5      | Found a deep blue altar of Sif Muna.
  8262 | D:6      | Noticed experimilk's ghost (novice MfGl)
  8563 | D:6      | Reached XP level 9. HP: 58/63 MP: 9/9
  8599 | D:6      | HP: 3/63 [experimilk's ghost (19)]
  9059 | D:6      | Slain by an elf skeleton

Skill      XL: |  1  2  3  4  5  6  7  8 |
---------------+-------------------------+-----
Stealth        | 3 5 6 7 8 |  8.7
Unarmed Combat | 5 6 8 |  8.5
Fighting       | 4 5 6 |  6.9
Dodging        | |  3.0

Action                   |  1- 3 |  4- 6 |  7- 9 || total
-------------------------+-------+-------+-------++-------
Melee: Unarmed           |    68 |   150 |   274 ||   492
       Constrict         |    23 |    46 |    61 ||   130
       Tentacles         |    10 |    35 |    65 ||   110
       Punch             |     2 |     5 |    18 ||    25
Evoke: Wand              |       |       |     3 ||     3
  Use: Scroll            |     1 |     3 |     7 ||    11
       Potion            |       |       |     4 ||     4
 Stab: Sleeping          |    11 |     9 |    10 ||    30
       Distracted        |       |     1 |     2 ||     3
  Eat: Chunk             |     1 |     8 |    14 ||    23
       Fruit             |       |     1 |     1 ||     2
Armor: Skin              |     6 |     7 |     4 ||    17
Dodge: Dodged            |    37 |    88 |   167 ||   292
